 Dungeon Crawl Stone Soup version 0.24-a0-201-gf2055891f0 (webtiles) character file.

Game seed: 7468346235715639352

742 EnegeticOcto the Cleaver (level 7, -6/63 HPs)
             Began as a Hill Orc Chaos Knight on Mar 23, 2019.
             Was a Plaything of Xom.
             Mangled by a small abomination (14 damage)
             ... summoned by the capriciousness of Xom
             ... on level 4 of the Dungeon.
             The game lasted 00:04:18 (3077 turns).

EnegeticOcto the Cleaver (Hill Orc Chaos Knight)    Turns: 3077, Time: 00:04:19

Health: -6/63      AC: 11    Str: 17    XL:     7   Next: 76%
Magic:  7/7        EV:  5    Int: 12    God:    Xom [.*....]
Gold:   160        SH:  0    Dex:  8    Spells: 6/6 levels left

rFire    . . .     SeeInvis .   a - +0 hand axe (chaos)
rCold    . . .     Gourm    .   (no shield)
rNeg     . . .     Faith    .   i - +0 plate armour
rPois    .         Spirit   .   (no helmet)
rElec    .         Reflect  .   m - +0 cloak
rCorr    .         Harm     .   w - +0 pair of gloves
MR       .....                  (no boots)
Stlth    ..........             q - amulet of regeneration
HPRegen  0.60/turn              (no ring)
MPRegen  0.10/turn              (no ring)

@: no status effects
A: icy blue scales 1, clumsy 1, deformed body
a: Renounce Religion


You were on level 4 of the Dungeon.
You worshipped Xom.
You were a plaything of Xom.
You were not hungry.

You visited 1 branch of the dungeon, and saw 4 of its levels.

You collected 160 gold pieces.

Inventory:

Hand Weapons
 a - a +0 hand axe of chaos (weapon)
Armour
 i - a +0 plate armour (worn)
 m - a +0 cloak (worn)
 w - a +0 pair of gloves (worn)
Jewellery
 f - an uncursed amulet of guardian spirit {unknown}
 q - an amulet of regeneration (around neck)
Wands
 j - a wand of flame (12)
Scrolls
 b - a scroll of blinking {@r4}
 c - 6 scrolls of teleportation {@r3 !r}
 d - 3 scrolls of noise {unknown}
 s - 2 scrolls of fear
Potions
 g - a potion of brilliance {unknown}
 h - a potion of might {unknown}
 k - a potion of degeneration {unknown}
 n - a potion of heal wounds {unknown}
 o - 2 potions of curing {unknown}
 u - 2 potions of magic {unknown}
 v - a potion of ambrosia
Comestibles
 e - 8 rations
 t - 16 chunks of flesh


   Skills:
 + Level 6.1 Fighting
 * Level 8.7 Axes
 - Level 5.0 Armour
 - Level 0.7 Dodging


You had 6 spell levels left.
You didn't know any spells.
Your spell library contained the following spells:

 Spells                   Type           Power        Failure   Level  Hunger
 Beastly Appendage        Tmut           #.....       100%        1    ##.....
 Sticks to Snakes         Tmut           #.......     100%        2    ###....
 Spider Form              Tmut/Pois      #.........   100%        3    ####...
 Ice Form                 Ice/Tmut       #.......     100%        4    #####..
 Blade Hands              Tmut           #.........   100%        5    ######.


Dungeon Overview and Level Annotations

Branches:
Dungeon (4/15)
 Temple: D:4-7

Altars:
Elyvilon
Fedhas
Gozag
Kikubaaqudgha
Wu Jian
Xom

Annotations:
D:2 1 runed translucent door


Innate Abilities, Weirdness & Mutations

You are partially covered in icy blue scales. (AC +2)
You are clumsy. (Dex -2)
Armour fits poorly on your strangely shaped body.


Message History

You slash the small abomination! You freeze the small abomination.
You destroy the small abomination!
Your plate armour prevents you from hitting the small abomination.
You hit the small abomination. You burn the small abomination.
The small abomination is moderately damaged.
The small abomination hits you.
* * * LOW HITPOINT WARNING * * *
You hit the small abomination.
The small abomination is moderately damaged.
Your plate armour prevents you from hitting the small abomination.
The small abomination is moderately damaged.
The small abomination hits you.
* * * LOW HITPOINT WARNING * * *
You hit the small abomination but do no damage.
The small abomination is moderately damaged.
The small abomination barely misses you.
You hit the small abomination. You freeze the small abomination.
The small abomination is heavily damaged.
The small abomination hits you!
You die...

#.###...#.#
#...#.....#
###.###...#
#.......#
######..#
##.# #x#
#x# #@# #.#
#.# #.. ###


You could see 2 small abominations.

Vanquished Creatures
  An ice beast (D:3)
  An eye of draining (shapeshifter) (D:3)
  A big kobold (D:4)
  A hound (D:3)
  4 orc priests (D:3)
  2 orc wizards (D:3)
  Crazy Yiuf (D:2)
  Terence (D:2)
  4 gnolls (D:3)
  6 adders
  4 worms
  2 dart slugs
  4 leopard geckos
  5 orcs
  6 bats
  5 giant cockroaches
  11 goblins
  13 hobgoblins
  11 jackals
  3 ball pythons
  5 frilled lizards
  29 kobolds
  A quokka zombie (D:3)
  12 rats
  6 plants (D:4)
139 creatures vanquished.

Vanquished Creatures (collateral kills)
  A goblin (D:1)
1 creature vanquished.

Vanquished Creatures (others)
  A quokka (D:2)
  A frilled lizard (D:2)
  3 plants
  5 toadstools (D:1)
10 creatures vanquished.

Grand Total: 150 creatures vanquished

Notes
Turn   | Place    | Note
-------+----------+-------------------------------------------
     0 | D:1      | EnegeticOcto the Hill Orc Chaos Knight began the quest for
                  | the Orb.
     0 | D:1      | Reached XP level 1. HP: 19/19 MP: 1/1
   168 | D:1      | XOM: silly message
   254 | D:1      | Reached XP level 2. HP: 23/27 MP: 2/2
   549 | D:1      | XOM: divination: magic mapping
   638 | D:2      | Reached XP level 3. HP: 33/33 MP: 3/3
   650 | D:2      | Reached skill level 5 in Axes
   702 | D:2      | XOM: harmless Hex miscast
   709 | D:2      | Noticed Terence
   718 | D:2      | Killed Terence
   718 | D:2      | Reached XP level 4. HP: 22/40 MP: 4/4
  1045 | D:2      | Found a runed translucent door.
  1046 | D:2      | Noticed Crazy Yiuf
  1051 | D:2      | XOM: scenery: 1 doors open
  1058 | D:2      | Killed Crazy Yiuf
  1058 | D:2      | Reached XP level 5. HP: 40/47 MP: 5/5
  1161 | D:2      | Reached skill level 6 in Axes
  1220 | D:2      | XOM: divination: detect items
  1281 | D:2      | Found a white marble altar of Elyvilon.
  1319 | D:2      | XOM: polymorph quokka -> bat
  1530 | D:2      | XOM: give mutation
  1530 | D:2      | Gained mutation: You are partially covered in slimy green
                  | scales. (AC +2) [Xom's grace]
  1736 | D:3      | Noticed a hippogriff
  1745 | D:3      | XOM: confuse monster(s)
  1747 | D:3      | XOM: give mutations
  1747 | D:3      | Gained mutation: You have large cloven feet. [Xom's grace]
  1747 | D:3      | Gained mutation: You are partially covered in icy blue
                  | scales. (AC +2) [Xom's grace]
  1748 | D:3      | Noticed a shapeshifter
  1748 | D:3      | a hippogriff changed into a shapeshifter
  1748 | D:3      | XOM: scenery: create altars
  1748 | D:3      | Noticed an eye of draining
  1748 | D:3      | a shapeshifter changed into an eye of draining
  1757 | D:3      | Killed an eye of draining
  1757 | D:3      | Reached skill level 5 in Fighting
  1757 | D:3      | Reached skill level 7 in Axes
  1757 | D:3      | Reached XP level 6. HP: 56/56 MP: 6/6
  1760 | D:3      | Noticed an ice beast
  1772 | D:3      | XOM: polymorph adder -> hobgoblin
  1778 | D:3      | Killed an ice beast
  1803 | D:3      | Reached XP level 7. HP: 22/61 MP: 7/7
  1896 | D:3      | Found a blossoming altar of Fedhas.
  1946 | D:3      | Reached skill level 8 in Axes
  2067 | D:3      | XOM: polymorph kobold -> rat
  2223 | D:3      | Found an ornate altar of the Wu Jian Council.
  2636 | D:3      | XOM: severe Conj miscast
  2780 | D:4      | Found an opulent altar of Gozag.
  2787 | D:4      | Found an ancient bone altar of Kikubaaqudgha.
  2791 | D:4      | XOM: give mutation
  2791 | D:4      | Lost mutation: You are partially covered in slimy green
                  | scales. (AC +2) [Xom's mischief]
  2798 | D:4      | XOM: give mutations
  2798 | D:4      | Lost mutation: You have large cloven feet. [Xom's mischief]
  2798 | D:4      | Gained mutation: Armour fits poorly on your strangely
                  | shaped body. [Xom's mischief]
  2798 | D:4      | Gained mutation: You are clumsy. (Dex -2) [Xom's mischief]
  2872 | D:4      | XOM: harmless Summ miscast
  2879 | D:4      | Reached skill level 5 in Armour
  3063 | D:4      | XOM: medium Summ miscast
  3064 | D:4      | Noticed a small abomination
  3077 | D:4      | Mangled by a small abomination

Levels and vault maps discovered:
D:1:      ldierk_walled_garden, layout_basic
D:2:      layout_basic, elyvilon_altar_4, lexackson_kobold_supper, uniq_terence,
          uniq_crazy_yiuf_cottage
D:3:      layout_loops_cross, lemuel_crystal_altar, old_standard_altar,
          gup_sewer_entry_spiral, first_ration, minmay_fountain_box
D:4:      kennysheep_kobold_camp, layout_basic, minitemple, uniq_grinder

Skill      XL: |  1  2  3  4  5  6  7 |
---------------+----------------------+-----
Fighting       | 4 5 6 |  6.1
Axes           | 5 7 8 |  8.7
Armour         | 3 4 5 |  5.0
Dodging        | |  0.7

Action                   |  1- 3 |  4- 6 |  7- 9 || total
-------------------------+-------+-------+-------++-------
Melee: Hand axe          |    66 |   199 |   183 ||   448
       Kick              |       |    13 |    22 ||    35
  Use: Scroll            |       |       |     8 ||     8
 Stab: Confused          |       |     1 |     2 ||     3
       Petrifying        |       |       |     2 ||     2
       Petrified         |       |       |     2 ||     2
  Eat: Chunk             |       |     3 |     5 ||     8
Armor: Leather armour    |    21 |       |       ||    21
       Plate armour      |    33 |   147 |    86 ||   266
Dodge: Dodged            |    27 |    64 |    46 ||   137

Table legend:
 A = Non-vault XP
 B = Vault XP
 C = Vault XP percentage of total XP
 D = Non-vault monster count
 E = Vault monster count
 F = Vault count percentage of total count
                 A         B        C        D         E       F
            +---------+---------+-------+---------+---------+-------
      Total |     830 |     230 |  21.7 |      96 |      38 |  28.4
            +---------+---------+-------+---------+---------+-------
        D:1 |      28 |       0 |   0.0 |      19 |       0 |   0.0
        D:2 |     121 |      87 |  41.8 |      30 |      10 |  25.0
        D:3 |     677 |      15 |   2.2 |      45 |       7 |  13.5
        D:4 |       4 |     128 |  97.0 |       2 |      21 |  91.3
            +---------+---------+-------+---------+---------+-------
